 Dungeon Crawl Stone Soup version 0.14.0-17-gc0b17a5 (webtiles) character file.

251 staplegun the Cudgeler (level 5, -7/49 HPs)
             Began as a Gargoyle Berserker on Apr 18, 2014.
             Was a Priest of Trog.
             Mangled by a gnoll
             ... wielding a +1,+1 halberd
              (8 damage)
             ... on Level 3 of the Dungeon.
             The game lasted 00:02:20 (1897 turns).

staplegun the Cudgeler (Gargoyle Berserker)         Turns: 1897, Time: 00:02:20

HP  -7/49        AC  6     Str 27      XL: 5   Next: 10%
MP   5/5         EV 11     Int  7      God: Trog [***...]
Gold 125         SH  6     Dex  9      Spells:  0 memorised,  4 levels left

rFire  . . .     SeeInvis .     q - +0 whip
rCold  . . .     Clarity  .     b - +0 animal skin
rNeg   + . .     Conserve .     s - +1 buckler
rPois  +         rCorr    .     (no helmet)
rElec  +         rRot     +     (no cloak)
SustAb . .       Spirit   .     (no gloves)
rMut   .         Warding  .     (no boots)
Saprov . . .     Stasis   .     (no amulet)
MR     .....                    (no ring)
                                (no ring)

@: berserking, very quick, not resistant to hostile enchantments, extremely
unstealthy
A: life protection 1, electricity resistance, unbreathing, petrification
resistance, AC +4
a: Burn Spellbooks, Berserk, Trog's Hand, Renounce Religion


You were on level 3 of the Dungeon.
You worshipped Trog.
Trog was most pleased with you.
You were not hungry.

You visited 1 branch of the dungeon, and saw 3 of its levels.

You collected 125 gold pieces.

Inventory:

Hand weapons
 a - a +0,+0 mace
 q - a +0,+0 whip (weapon)
Armour
 b - a +0 animal skin (worn)
 s - a +1 buckler (worn)
Comestibles
 c - a bread ration
 k - an apple
 m - a meat ration
 p - a pear
 t - a snozzcumber
Scrolls
 d - a scroll of magic mapping {unknown}
 e - a scroll of random uselessness {unknown}
 f - 6 scrolls of identify {unknown}
 i - a scroll of teleportation {unknown}
 l - a scroll of enchant weapon II {unknown}
 r - a scroll of remove curse {unknown}
 u - a scroll of enchant weapon I {unknown}
Jewellery
 n - an uncursed amulet of clarity {unknown}
Potions
 g - a potion of heal wounds {unknown}
 h - a potion of paralysis {unknown}
 j - a potion of restore abilities {unknown}
 o - a potion of brilliance {unknown}


   Skills:
 + Level 4.1 Fighting
 + Level 4.7 Maces & Flails
 + Level 3.5 Armour
 - Level 1.5 Dodging


You had 4 spell levels left.
You didn't know any spells.

Dungeon Overview and Level Annotations

Branches:
Dungeon (3/15)

Altars:


Innate Abilities, Weirdness & Mutations

You are resistant to torment.
You are immune to poison.
You are immune to rotting.
Your stone body is very resilient (AC +4).
You resist negative energy.
You are resistant to electric shocks.
You can survive without breathing.
You are immune to petrification.


Message History

You whack the gnoll!
You kill the gnoll!
Trog accepts your kill.
You have reached level 5!
The gnoll misses you.
You barely miss the gnoll. The gnoll barely misses you.
You closely miss the gnoll.
The gnoll hits you from afar with a halberd.
* * * LOW HITPOINT WARNING * * *
Your shield prevents you from hitting the gnoll.
The gnoll hits you but does no damage.
You whack the gnoll!
The gnoll is severely wounded.
The gnoll barely misses you.
You whack the gnoll!
You kill the gnoll!
Trog accepts your kill. You block the gnoll's attack.
The gnoll hits you from afar with a halberd!
You die...

..........## #.#
#.....##.## #.###
##...###.#######...#
##(## #.......%.#.#
#.# #########.#.#
#.# #.#.# #.# #)#.#
#.# #.#.# #.# #@#g#
#.. #g#.# ##. #g#. .
#.# #.# #.# #.# #.#
...


You could see 2 gnolls.

Vanquished Creatures
  4 adders
  2 gnolls (D:3)
  2 giant geckos
  An ooze (D:1)
  2 orcs (D:3)
  2 ball pythons (D:1)
  7 bats
  A giant cockroach (D:2)
  9 hobgoblins
  4 jackals
  7 giant newts
  10 goblins
  7 kobolds
  8 rats
66 creatures vanquished.

Notes
Turn   | Place    | Note
--------------------------------------------------------------
     0 | D:1      | staplegun, the Gargoyle Berserker, began the quest for the Orb.
     0 | D:1      | Reached XP level 1. HP: 14/14 MP: 1/1
    75 | D:1      | Reached XP level 2. HP: 9/19 MP: 2/2
   278 | D:1      | Reached skill level 4 in Maces & Flails
   278 | D:1      | Reached XP level 3. HP: 14/23 MP: 3/3
   392 | D:1      | Acquired Trog's second power
   806 | D:2      | Reached XP level 4. HP: 18/29 MP: 4/4
  1891 | D:3      | Reached XP level 5. HP: 5/33 MP: 5/5
  1893 | D:3      | HP: 1/49 [gnoll/halberd (5)]
  1897 | D:3      | Mangled by a gnoll

Action                   |  1- 3 |  4- 6 || total
-------------------------+-------+-------++-------
Melee: Mace              |   118 |     3 ||   121
       Whip              |       |   139 ||   139
Invok: Berserk           |       |     1 ||     1
